cohdb
Replays
Latest Replays
All Replays
Popular Replays
Top Player Replays
Match Explorer
How It Works
Community
CoH3 Stats
Reddit
Sign in to upload your games and track your stats! →
Sign in with Steam
Match 45099674
Unlisted
Match 45099674
Overview
Messages
Build Orders
End
Selects Airborne Battlegroup
Selects Pathfinders
Pathfinder Squad
Construct Barracks
Riflemen Squad
Riflemen Squad
M1 Mortar Team
Construct Medical Station
Selects Paratrooper Squad Paradrop
Paratrooper Squad Paradrop
MizuZMartina
Nubbl0r
0
0
Comments
sign in to comment!
No comments posted yet!